 Dungeon Crawl Stone Soup version 0.29-a0-284-gf9362112df (webtiles) character file.

Game seed: 9794106551053908532

674 drugrobin the Chopper (level 7, -7/56 HPs)
             Began as a Demigod Fighter on Mar 18, 2022.
             Mangled by a water moccasin (8 damage)
             ... on level 5 of the Dungeon.
             The game lasted 00:10:19 (4796 turns).

drugrobin the Chopper (Demigod Fighter)             Turns: 4796, Time: 00:10:19

Health: -7/56      AC: 12    Str: 22 (25) XL:     7   Next: 11%
Magic:  9/9        EV:  5    Int:  7 (10) God:
Gold:   233        SH:  4    Dex: 11 (13) Spells: 6/6 levels left

rFire   . . .      SeeInvis .   a - +0 war axe
rCold   . . .      Faith    .   c - +0 buckler
rNeg    . . .      Spirit   .   A - +0 plate armour
rPois   .          Reflect  .   B - +0 helmet
rElec   .          Harm     .   (no cloak)
rCorr   .          Rampage  .   (no gloves)
Will    .....                   (no boots)
Stlth   ..........              (no amulet)
HPRegen 0.18/turn               (no ring)
MPRegen 0.11/turn               (no ring)

@: lethally poisoned (-7 -> -10), attractive, flying, hasted, very quick
A: high MP 1, forlorn, divine attributes
a: no special abilities


You were on level 5 of the Dungeon.
You visited 1 branch of the dungeon, and saw 5 of its levels.
You also visited: Sewer.

You collected 233 gold pieces.

Inventory:

Hand Weapons
 a - a +0 war axe (weapon)
 b - a +0 short sword of venom
 i - a +0 hand axe
Missiles
 s - 8 poisoned darts (quivered)
Armour
 c - a +0 buckler (worn)
 d - a +2 leather armour of cold resistance
 A - a +0 plate armour (worn)
 B - a +0 helmet (worn)
Scrolls
 f - 3 scrolls of vulnerability {unknown}
 g - a scroll of silence {unknown}
 j - a scroll of noise {unknown}
 n - 4 scrolls of identify {unknown}
 p - a scroll of summoning {unknown}
 q - 2 scrolls of fog {unknown}
 t - a scroll of brand weapon {unknown}
 v - a scroll of enchant weapon {unknown}
 y - a scroll of blinking {unknown}
Potions
 l - 2 potions of degeneration
 m - a potion of flight
 r - a potion of magic {unknown}
 u - 2 potions of haste
 w - a potion of resistance {unknown}
 x - a potion of lignification {unknown}
 z - a potion of heal wounds {unknown}


   Skills:
 - Level 2.6 Fighting
 + Level 7.6 Axes
 - Level 2.6 Armour
 - Level 2.6 Shields


You had 6 spell levels left.
You didn't know any spells.
Your spell library contained the following spells:

 Spells                   Type           Power      Damage    Failure   Level
 Apportation              Tloc           0%         N/A       100%        1
 Sandblast                Erth           0%         2d4       100%        1
 Passwall                 Tmut/Erth      0%         N/A       100%        2
 Call Canine Familiar     Summ           0%         N/A       100%        3
 Ozocubu's Armour         Ice            0%         N/A       100%        3
 Portal Projectile        Hex/Tloc       0%         N/A       100%        3
 Stone Arrow              Conj/Erth      0%         3d7       100%        3
 Leda's Liquefaction      Hex/Erth       0%         N/A       100%        4
 Alistair's Intoxication  Tmut/Pois      0%         N/A       100%        5
 Blade Hands              Tmut           0%         N/A       100%        5
 Excruciating Wounds      Necr           0%         N/A       100%        5
 Ozocubu's Refrigeration  Ice            0%         4d5       100%        7


Dungeon Overview and Level Annotations

Branches:
Dungeon (5/15)             Temple (0/1) D:5           Sewer (visited)

Shops:
D:3 (


Innate Abilities, Weirdness & Mutations

You have an increased reservoir of magic. (+10% MP)
You shall have no god before yourself.
Your divine heritage dramatically boosts your attributes as you level up.


Message History

You are poisoned.
The water moccasin poisons you!
Unknown command.
Unknown command.
You hit the water moccasin.
The water moccasin is severely wounded.
You feel very sick. The water moccasin barely misses you.
You block the water moccasin's attack.
Unknown command.
Unknown command.
You barely miss the water moccasin.
The water moccasin is severely wounded.
You feel very sick. The water moccasin bites you!
* * * LOW HITPOINT WARNING * * *
Unknown command.
Unknown command.
Unknown command.
It was a potion of degeneration.
There was something very wrong with that liquid.
You feel weakened.
You feel dopey.
You feel clumsy.
* * * LOW HITPOINT WARNING * * *
You feel sick. The water moccasin barely misses you.
The water moccasin bites you.
* * * LOW HITPOINT WARNING * * *
It was a potion of haste.
You feel yourself speed up.
* * * LOW HITPOINT WARNING * * *
You feel sick.
The water moccasin bites you but does no damage.
It was a potion of flight.
You feel very buoyant.
You fly up into the air.
* * * LOW HITPOINT WARNING * * *
You feel sick.
The water moccasin bites you but does no damage.
It was a potion of attraction.
You feel attractive to monsters.
* * * LOW HITPOINT WARNING * * *
You feel sick. The water moccasin bites you!
You die...

#.###.#.## #.# ##.## ..#
..####.##### ..#
...........# ...#
...##..###.# ...#
...##..###.#######...###
#...[......#............
#...#............S......
#..##.<....#....@†......
.........#.#####.)....##
...###.....# #.#....#
......#.#### #.#>...#
.####.#. #.# ..... .####
#. #.# ....# ...# #..
.... .#.# ### ...( .#.#


You could see a water moccasin.

Vanquished Creatures
  Eustachio (D:4)
  Pargi (Sewer)
  A scorpion (D:5)
  A hound (D:5)
  A jelly (D:3)
  2 orc priests
  Terence (D:2)
  An orc wizard (D:4)
  Robin (D:4)
  3 gnolls (D:4)
  5 adders
  3 worms
  5 dart slugs
  An orc (D:4)
  11 ball pythons
  5 bats
  6 endoplasms
  2 giant cockroaches (D:2)
  5 hobgoblins
  7 jackals
  5 quokkas
  14 frilled lizards
  17 goblins
  7 kobolds
  5 rats
111 creatures vanquished.

Notes
Turn   | Place    | Note
-------+----------+-------------------------------------------
     0 | D:1      | drugrobin the Demigod Fighter began the quest for the Orb.
     0 | D:1      | Reached XP level 1. HP: 18/18 MP: 3/3
    57 | D:1      | Reached skill level 2 in Axes
   348 | D:1      | Reached XP level 2. HP: 25/25 MP: 4/4
   538 | D:1      | Reached skill level 3 in Axes
   759 | D:2      | Reached XP level 3. HP: 27/30 MP: 5/5
  1415 | D:2      | Reached skill level 4 in Axes
  1486 | D:2      | Noticed Terence
  1751 | D:3      | Reached XP level 4. HP: 37/37 MP: 6/6
  1860 | D:3      | Found Munify's Antique Weapon Emporium.
  1887 | D:3      | Found a glowing drain.
  1916 | Sewer    | Entered a sewer
  2094 | Sewer    | Noticed Pargi
  2114 | Sewer    | Killed Pargi
  2115 | Sewer    | Reached skill level 5 in Axes
  2115 | Sewer    | Reached XP level 5. HP: 33/42 MP: 7/7
  2950 | D:2      | Killed Terence
  3114 | D:4      | Noticed Eustachio
  3146 | D:4      | Killed Eustachio
  3147 | D:4      | Reached skill level 6 in Axes
  3147 | D:4      | Reached XP level 6. HP: 32/50 MP: 8/8
  3777 | D:4      | Reached skill level 7 in Axes
  4210 | D:4      | Noticed Robin
  4344 | D:4      | Killed Robin
  4576 | D:5      | Entered Level 5 of the Dungeon
  4687 | D:5      | Reached XP level 7. HP: 54/56 MP: 9/9
  4771 | D:5      | Found a staircase to the Ecumenical Temple.
  4795 | D:5      | HP: 2/56 [poisoned by a water moccasin]
  4796 | D:5      | Mangled by a water moccasin

Illustrated notes

Levels and vault maps discovered:
D:1:      elethiomel_arrival_shortcut, layout_rooms,
          hellmonk_ecumenical_altar_inner_sanctum, hex_large,
          corexii_item_surrounded_by_moat
D:2:      minmay_diamond_boxcup, layout_loops_ring, basic_altar, uniq_terence
D:3:      layout_basic, cheibrodos_sewer_entry_sluice, serial_shops, shop
D:4:      layout_basic, old_standard_altar, mrwooster_statue_mirror,
          uniq_eustachio, uniq_robin
D:5:      layout_loops_cross, kennysheep_mini, minmay_temple_entry_proselytizer,
          serial_shops, nicolae_shop_hallway_stairs

Skill      XL: |  1  2  3  4  5  6 |
---------------+-------------------+-----
Axes           | 2 3 4 5 6 7 |  7.6
Fighting       | |  2.6
Armour         | |  2.6
Shields        | |  2.6

Action                   |  1- 3 |  4- 6 |  7- 9 || total
-------------------------+-------+-------+-------++-------
Melee: War axe           |   126 |   181 |    17 ||   324
Throw: Dart              |       |    26 |     1 ||    27
  Use: Potion            |       |     1 |     7 ||     8
Armor: Scale mail        |    70 |    70 |       ||   140
       Plate armour      |       |    40 |    16 ||    56
Dodge: Dodged            |    64 |    81 |     7 ||   152
Block: Buckler           |    38 |    38 |     5 ||    81

Table legend: (Time is in decaauts)
 A = Elapsed time spent in this place.
 B = Non-inter-level travel time spent in this place.
 C = Inter-level travel time spent in this place.
 D = Time resting spent in this place.
 E = Time spent auto-exploring this place.
 F = Levels seen in this place.
 G = Mean time per level.
                   A        B        C        D        E       F      G
               +--------+--------+--------+--------+--------+-----+--------+
         Total |   4944 |   4631 |    313 |    612 |   2600 |   6 |  824.0 |
       Dungeon |   4560 |   4247 |    313 |    612 |   2355 |   5 |  912.0 |
         Sewer |    383 |    383 |      0 |      0 |    244 |   1 |  383.0 |
               +--------+--------+--------+--------+--------+-----+--------+

Top non-repeatable levels by time:
     D:4: 1433 daAuts
     D:2: 1190 daAuts
     D:3: 890 daAuts
     D:1: 819 daAuts
   Sewer: 383 daAuts
     D:5: 225 daAuts
